 Dungeon Crawl Stone Soup version 0.31-a0-825-gf28bc0971e (webtiles) character file.

Game seed: 5407945535785513659

21 qw the Shooter (level 2, -3/17 HPs)
             Began as a Gargoyle Hunter on Sept 23, 2023.
             Was an Initiate of Okawaru.
             Killed from afar by Sigmund (5 damage)
             ... with a magic dart
             ... on level 2 of the Dungeon.
             The game lasted 00:00:16 (565 turns).

qw the Shooter (Gargoyle Hunter)                     Turns: 565, Time: 00:00:16

Health: -3/17      AC: 11    Str: 14    XL:     2   Next: 83%
Magic:  2/2        EV: 10    Int:  9    God:    Okawaru [......]
Gold:   74         SH:  0    Dex: 13    Spells: 1/1 levels left

rFire   . . .        Y - +0 shortbow
rCold   . . .        (shield currently unavailable)
rNeg    + . .        d - +0 ring mail
rPois   inf          (no helmet)
rElec   +            (no cloak)
rCorr   .            (no gloves)
SInv    .            (no boots)
Will    .....        (no amulet)
Stlth   +            f - +4 ring of protection
HPRegen 0.22/turn    (no ring)
MPRegen 0.08/turn

%: no passive effects
@: no status effects
A: sickness immunity, AC +2, negative energy resistance 1, electricity
resistance, torment resistance 1, petrification resistance
a: Renounce Religion


You were on level 2 of the Dungeon.
You worshipped Okawaru.
Okawaru was noncommittal.
You visited 1 branch of the dungeon, and saw 2 of its levels.

You collected 74 gold pieces.


Innate Abilities, Weirdness & Mutations

You are immune to sickness and miasma.
Your stone body is resilient. (AC +2)
You are immune to poison.
You resist negative energy. (rN+)
You are resistant to electric shocks. (rElec)
You are resistant to unholy torment.
You are immune to petrification.


   Skills:
 - Level 2.1 Fighting
 - Level 4.7 Ranged Weapons
 + Level 0.3 Armour
 - Level 1.5 Dodging
 - Level 1.1 Stealth


You had one spell level left.
You didn't know any spells.
Your spell library was empty.

Inventory:

Hand Weapons
 Y - a +0 shortbow (weapon)
Armour
 d - a +0 ring mail (worn)
Jewellery
 a - an amulet of guardian spirit
 f - a +4 ring of protection (left hand)
Scrolls
 b - a scroll of identify {unknown}
Potions
 e - a potion of haste {unknown}
 h - a potion of heal wounds {unknown}
 j - a potion of curing {unknown}

Dungeon Overview and Level Annotations

Branches:
Dungeon (2/15)

Altars:
Okawaru

Annotations:
D:2 Sigmund


Message History

The puff of flame hits you.
You shoot an arrow. The arrow hits Sigmund.
Sigmund is moderately wounded.
Sigmund barely misses you.
You shoot an arrow.
The arrow hits Sigmund but does no damage.
Sigmund is moderately wounded.
Sigmund hits you from afar with a +0 scythe of flaming.
Sigmund burns you.
You shoot an arrow. The arrow hits Sigmund.
Sigmund is moderately wounded.
Sigmund hits you but does no damage.
You shoot an arrow. The arrow barely misses Sigmund.
Sigmund hits you from afar with a +0 scythe of flaming.
Sigmund burns you.
You shoot an arrow. The arrow hits Sigmund.
Sigmund is heavily wounded.
Sigmund points at you and mumbles some strange words.
The magic dart hits you but does no damage.
You shoot an arrow. The arrow hits Sigmund.
Sigmund is heavily wounded.
Sigmund hits you but does no damage.
You shoot an arrow. The arrow hits Sigmund!
Sigmund is severely wounded.
Sigmund points at you and mumbles some strange words.
The puff of flame misses you.
You shoot an arrow. The arrow hits Sigmund.
Sigmund is almost dead.
Sigmund casts a spell at you. You resist with significant effort.
You shoot an arrow. The arrow barely misses Sigmund.
Sigmund hits you from afar with a +0 scythe of flaming.
Sigmund burns you.
You shoot an arrow. The arrow closely misses Sigmund.
Sigmund hits you but does no damage.
You shoot an arrow. The arrow closely misses Sigmund.
Sigmund gestures at you while chanting. The magic dart hits you.
You die...
Sigmund begins carving another notch in his scythe.

#####......._..........
#...#[###..............
######.#....#.........######
#......#.#..#.####...##
#.########..#. ####### #.#
....#. .# #.# #.### @# #.#
.#####..###(# #.#
..........@.#
#.#########.#####
#...........# #############


You could see Sigmund.

Vanquished Creatures
  3 ball pythons (D:1)
  A bat (D:1)
  2 endoplasms (D:1)
  A goblin (D:1)
  3 hobgoblins
  2 quokkas (D:1)
  3 frilled lizards (D:1)
  2 kobolds
  2 rats (D:1)
19 creatures vanquished.

Notes
Turn   | Place    | Note
-------+----------+-------------------------------------------
     0 | D:1      | qw the Gargoyle Hunter began the quest for the Orb.
     0 | D:1      | Reached XP level 1. HP: 12/12 MP: 1/1
     0 | D:1      | 0 ||| qw: Version: 0.3-a-83-gcd0e7d8
     0 | D:1      | 0 ||| qw: Game counter: 1807
     0 | D:1      | 0 ||| qw: Melee chars always use a shield: true
     0 | D:1      | 0 ||| qw: God list: Okawaru
     0 | D:1      | 0 ||| qw: Allow faded altars: false
     0 | D:1      | 0 ||| qw: Do Orc after clearing Dungeon:15 true
     0 | D:1      | 0 ||| qw: Do second Lair branch before Depths: true
     0 | D:1      | 0 ||| qw: Lair rune preference: random
     0 | D:1      | 0 ||| qw: Goals: Normal
     0 | D:1      | 0 ||| PLANNING D:1-11
   106 | D:1      | Reached XP level 2. HP: 17/17 MP: 2/2
   438 | D:1      | 438 ||| UPGRADING to +0 ring mail.
   448 | D:1      | 448 ||| DROPPING +0 leather armour.
   449 | D:1      | 449 ||| UPGRADING to +4 ring of protection.
   450 | D:1      | 450 ||| READING scroll labelled COUSOW XETZUDGHU.
   451 | D:1      | 451 ||| READING scroll labelled PISASYI OLAEW.
   452 | D:1      | 452 ||| DROPPING scroll of butterflies.
   471 | D:2      | Found an iron altar of Okawaru.
   472 | D:2      | 472 ||| PLANNING OKAWARU WORSHIP
   472 | D:2      | 472 ||| READING scroll labelled ROYCLO TEPHO.
   482 | D:2      | 482 ||| UPGRADING to amulet of guardian spirit.
   488 | D:2      | Became a worshipper of Warmaster Okawaru
   489 | D:2      | 489 ||| PLANNING D:1-11
   489 | D:2      | 489 ||| REMOVING amulet of guardian spirit.
   553 | D:2      | Noticed Sigmund
   563 | D:2      | HP: 2/17 [Sigmund/+0 scythe of flaming (6)]
   565 | D:2      | Killed from afar by Sigmund

Levels and vault maps discovered:
D:1:      dpeg_arrival_connections, layout_basic
D:2:      layout_basic, serial_shops, shop, basic_altar, uniq_sigmund

Action                     || total
---------------------------++-------
   Fire: Shortbow          ||    55
    Use: Scroll            ||     3
 Armour: Leather armour    ||     7
         Ring mail         ||     9
  Dodge: Dodged            ||     6

Table legend:
 A = Non-vault XP
 B = Vault XP
 C = Vault XP percentage of total XP
 D = Non-vault monster count
 E = Vault monster count
 F = Vault count percentage of total count
                 A         B        C        D         E       F
            +---------+---------+-------+---------+---------+-------
      Total |      30 |       0 |   0.0 |      19 |       0 |   0.0
            +---------+---------+-------+---------+---------+-------
        D:1 |      27 |       0 |   0.0 |      17 |       0 |   0.0
        D:2 |       3 |       0 |   0.0 |       2 |       0 |   0.0
            +---------+---------+-------+---------+---------+-------
